AoeStats
← Franz Rupersky

Black Forest

508774250Analyzed
2v2 RM · 8d ago on Sep 24, 2026· 68m 27s· 4 players
Game mode
Random Map
Map size
Medium (4 player)
Population
200
Speed
Normal
Resources
Standard
Victory
Conquest
Starting age
Dark Age
Ending age
Imperial Age
RankedLock teamsTeams togetherTeam positionsShared explorationLock speedFull tech treeHidden civsTurbo modeCheats
Victory
Defeat
🇨🇴 Cumans · Colombia
968
+10
🇨🇴 Vietnamese · Colombia
784
+18
🇪🇨 Malay · Ecuador
850
-36
🇪🇨 Huns · Ecuador
818
-13
IsmaDu305161
16:59 Feudal Age
18:44 Gold Mining
18:44 Horse Collar
18:53 Double-Bit Axe
38:05 Scale Barding Armor
41:10 Castle Age
42:40 Heavy Plow
43:18 Gold Shaft Mining
46:05 Forging
49:14 Iron Casting
49:20 Bow Saw
56:44 Pikeman
57:13 Arson
57:29 Squires
MateDu05
12:25 Feudal Age
13:11 Double-Bit Axe
18:06 Castle Age
18:23 Fletching
18:35 Padded Archer Armor
18:41 Scale Barding Armor
22:29 Loom
24:16 Thumb Ring
24:18 Bodkin Arrow
24:39 Leather Archer Armor
29:10 Ballistics
31:00 Wheelbarrow
30:07 Horse Collar
30:39 Bow Saw
32:30 Town Watch
34:27 Husbandry
34:37 Bloodlines
42:09 Imperial Age
39:58 Town Patrol
40:16 Hand Cart
42:16 Heavy Plow
43:18 Conscription
43:52 Heavy Cavalry Archer
44:57 Parthian Tactics
44:08 Light Cavalry
45:48 Bracer
46:00 Forging
48:13 Chemistry
48:54 Two-Man Saw
48:49 Iron Casting
52:12 Elite Skirmisher
53:27 Caravan
Franz Rupersky
9:57 Loom
11:43 Feudal Age
13:27 Double-Bit Axe
13:23 Horse Collar
18:17 Man-at-Arms
18:52 Fletching
20:02 Wheelbarrow
20:01 Padded Archer Armor
21:27 Arson
26:42 Castle Age
28:03 Crossbowman
28:55 Gold Mining
29:20 Thumb Ring
30:18 Bodkin Arrow
32:08 Pikeman
32:55 Squires
35:09 Leather Archer Armor
36:37 Forging
38:35 Ballistics
39:37 Scale Mail Armor
40:13 Iron Casting
41:34 Stone Mining
46:35 Imperial Age
44:22 Hand Cart
43:53 Town Watch
46:18 Bow Saw
49:55 Heavy Cavalry Archer
49:56 Arbalester
52:58 Two-Man Saw
52:01 Heavy Plow
57:04 Bracer
57:34 Ring Archer Armor
OMAR101226
0:35 Loom
16:12 Feudal Age
16:38 Double-Bit Axe
16:46 Gold Mining
16:39 Horse Collar
17:03 Man-at-Arms
17:29 Arson
27:56 Castle Age
25:49 Stone Mining
28:23 Long Swordsman
29:04 Squires
30:13 Bloodlines
29:33 Pikeman
29:36 Capped Ram
33:00 Wheelbarrow
33:07 Gold Shaft Mining
34:30 Bow Saw
35:27 Heavy Plow
40:34 Imperial Age
38:20 Hand Cart
39:51 Forging
39:41 Scale Mail Armor
39:46 Scale Barding Armor
39:32 Fletching
39:42 Padded Archer Armor
40:42 Onager
41:33 Elite Steppe Lancer
45:21 Iron Casting
45:01 Chain Mail Armor
45:07 Chain Barding Armor
44:42 Bodkin Arrow
45:02 Leather Archer Armor
46:57 Two-Man Saw
48:34 Blast Furnace
48:05 Plate Mail Armor
51:19 Heated Shot
51:50 Ballistics
52:31 Chemistry
58:43 Siege Ram
61:22 Masonry
61:07 Murder Holes
64:22 Steppe Husbandry
65:12 Town Watch
65:29 Caravan
65:59 Coinage
65:40 Guilds
Connection lost

Rejoining the realm…

Still unreachable

The connection could not be restored.

Session expired

The server has moved on; the page needs a fresh start.